 Dungeon Crawl Stone Soup version 0.27-a0-1191-g601b473118 (console) character file.

Game seed: 2213339333124312005

645 jejorda2 the Spear-Bearer (level 7, -4/56 HPs)
             Began as a Merfolk Berserker on May 24, 2021.
             Was a Believer of Trog.
             Slain by Blork the orc
             ... wielding a +0 war axe
              (8 damage)
             ... on level 4 of the Dungeon.
             The game lasted 00:07:14 (3107 turns).

jejorda2 the Spear-Bearer (Merfolk Berserker)       Turns: 3107, Time: 00:07:15

Health: -4/56      AC: 11    Str: 19    XL:     7   Next: 52%
Magic:  7/7        EV: 10    Int:  7    God:    Trog [**....]
Gold:   9          SH:  0    Dex: 13    Spells: 6/6 levels left

rFire    . . .     SeeInvis .   a - +0 halberd
rCold    . . .     Faith    .   (shield currently unavailable)
rNeg     . . .     Spirit   .   g - +0 scale mail
rPois    +         Reflect  .   (no helmet)
rElec    .         Harm     .   f - +0 cloak
rCorr    .         Rampage  .   c - +2 pair of gloves
Will     +....                  (no boots)
Stlth    ..........             (no amulet)
HPRegen  0.18/turn              l - ring of willpower
MPRegen  0.10/turn              m - ring of poison resistance

@: no status effects
A: (nimble swimmer 2), mertail
a: Renounce Religion, Berserk, Trog's Hand


You were on level 4 of the Dungeon.
You worshipped Trog.
Trog was pleased with you.
You visited 1 branch of the dungeon, and saw 4 of its levels.

You collected 130 gold pieces.
You spent 121 gold pieces at shops.

Inventory:

Hand Weapons
 a - a +0 halberd (weapon)
 t - a +0 spear
Missiles
 e - 12 poisoned darts (quivered)
 p - 8 atropa-tipped darts
Armour
 c - a +2 pair of gloves (worn)
 f - a +0 cloak (worn)
 g - a +0 scale mail (worn)
Jewellery
 l - a ring of willpower (left hand)
 m - a ring of poison resistance (right hand)
Wands
 q - a wand of iceblast (8)
Scrolls
 h - a scroll of enchant armour
Potions
 b - a potion of resistance {unknown}
 d - 2 potions of haste
 i - a potion of berserk rage
 j - a potion of magic {unknown}
 k - a potion of lignification {unknown}
 n - a potion of curing
 o - a potion of flight
 r - a potion of cancellation
 s - a potion of heal wounds


   Skills:
 + Level 5.4 Fighting
 * Level 9.2 Polearms
 + Level 3.2 Armour
 - Level 2.6 Dodging


You had 6 spell levels left.
You didn't know any spells.
Your spell library was empty.

Dungeon Overview and Level Annotations

Branches:
Dungeon (4/15)
 Temple: D:4-7

Altars:
Qazlal

Shops:
D:2 [   D:4 *!

Annotations:
D:4 Blork the orc, Sigmund


Innate Abilities, Weirdness & Mutations

((You are quick and stealthy near water. (Stealth+, EV+, Speed+++)))
Your lower body shifts to a powerful aquatic tail in water.


Message History

Blork the orc points at you and mumbles some strange words.
The puff of flame hits you.
You closely miss the iguana.
Blork the orc casts a spell.
Blork the orc seems to speed up.
The iguana bites you!
You hit the iguana.
The iguana is lightly wounded.
The iguana bites you.
Blork the orc screams, "I'll decorate my home with your organs!"
You barely miss the iguana.
The iguana is lightly wounded.
The iguana barely misses you.
Blork the orc hits you with a +0 war axe.
You slash the iguana!
The iguana is heavily wounded.
Blork the orc casts a spell at you. The puff of flame hits you.
The iguana closely misses you.
You slash the iguana!
The iguana is almost dead.
Blork the orc points at you and mumbles some strange words.
The puff of frost hits you. The iguana bites you!
Blork the orc hits you with a +0 war axe.
* * * LOW HITPOINT WARNING * * *
You are too injured to fight recklessly!
You are too injured to fight recklessly!
You are too injured to fight recklessly!
You are too injured to fight recklessly!
You are too injured to fight recklessly!
You slash Blork the orc!
Blork the orc is moderately wounded.
Blork the orc hits you with a +0 war axe!
* * * LOW HITPOINT WARNING * * *
The iguana misses you.
Blork the orc looks braver for a moment.
You hit Blork the orc.
Blork the orc is heavily wounded.
The iguana bites you.
* * * LOW HITPOINT WARNING * * *
Blork the orc hits you with a +0 war axe!
You die...

## . ### .## #.#
..## ##.# .(..##
##..# #.....# #...#
##.$..... #...#
###@l......
#...####...o......
#
##..<....#####.....
# ##..##..### ....#
# ##.####..## (.###
####.## ##..## .#
.##.## ##..## ##.
...## ###.###.# .#
<.## #..##.## ..#


You could see Blork the orc (fast) and an iguana.

Vanquished Creatures
  Grinder (D:3)
  An ogre (D:4)
  A phantom (D:4)
  An orc priest (D:4)
  A hound (D:4)
  A bullfrog skeleton (D:4)
  Jessica (D:3)
  2 orc wizards (D:4)
  4 adders
  A gnoll (D:4)
  An ufetubus (D:4)
  3 worms
  4 ball pythons
  7 endoplasms
  4 giant cockroaches
  4 goblins
  4 hobgoblins (D:2)
  4 kobolds
  A quokka (D:3)
  5 bats
  8 frilled lizards
  7 rats
66 creatures vanquished.

Vanquished Creatures (others)
  2 plants (D:1)
2 creatures vanquished.

Grand Total: 68 creatures vanquished

Notes
Turn   | Place    | Note
-------+----------+-------------------------------------------
     0 | D:1      | jejorda2 the Merfolk Berserker began the quest for the Orb.
     0 | D:1      | Reached XP level 1. HP: 18/18 MP: 1/1
    43 | D:1      | Found a faded altar of an unknown god.
   199 | D:1      | Reached XP level 2. HP: 24/24 MP: 2/2
   213 | D:1      | Reached skill level 5 in Polearms
   282 | D:1      | Reached ** piety under Trog
   811 | D:2      | Reached XP level 3. HP: 30/30 MP: 3/3
  1212 | D:2      | Found Orru's Antique Armour Boutique.
  1389 | D:2      | Reached XP level 4. HP: 37/37 MP: 4/4
  1819 | D:3      | Noticed Jessica
  1836 | D:3      | Reached skill level 6 in Polearms
  1847 | D:3      | Killed Jessica
  2281 | D:3      | Found a stormy altar of Qazlal.
  2298 | D:3      | Reached XP level 5. HP: 42/42 MP: 5/5
  2469 | D:3      | Noticed Grinder
  2480 | D:3      | Killed Grinder
  2481 | D:3      | Reached skill level 7 in Polearms
  2481 | D:3      | Reached XP level 6. HP: 49/49 MP: 6/6
  2621 | D:4      | Found Dijiprol's Assorted Antiques.
  2633 | D:4      | Reached skill level 8 in Polearms
  2696 | D:4      | Reached skill level 5 in Fighting
  2700 | D:4      | Bought a scroll labelled VOIWEX HUJA for 27 gold pieces
  2700 | D:4      | Bought a metallic cyan potion for 24 gold pieces
  2804 | D:4      | Reached XP level 7. HP: 55/56 MP: 7/7
  2973 | D:4      | Found Gulas's Distillery.
  2982 | D:4      | Bought a potion of heal wounds for 70 gold pieces
  3012 | D:4      | Reached skill level 9 in Polearms
  3022 | D:4      | Noticed Sigmund
  3098 | D:4      | Noticed Blork the orc
  3107 | D:4      | Slain by Blork the orc

Illustrated notes

Levels and vault maps discovered:
D:1:      roderic_crop_circles_arrival_small, layout_basic,
          chequers_ecumenical_altar_simple_redux, minmay_lizard_king
D:2:      minmay_door_path, layout_loops_cross, serial_shops, shop,
          kennysheep_big_empty_room
D:3:      cheibrodos_old_hovel, layout_basic, lemuel_round_altar, uniq_jessica,
          uniq_grinder
D:4:      layout_layer_cave, serial_shops,
          nicolae_shop_temple_entry_statues_fountains,
          nicolae_shop_temple_entry_statues_fountains, uniq_blork_the_orc,
          uniq_menkaure, uniq_sigmund, uniq_eustachio

Skill      XL: |  1  2  3  4  5  6  7 |
---------------+----------------------+-----
Polearms       | 5 6 7 8 9 |  9.2
Armour         | 2 3 |  3.2
Fighting       | 4 5 |  5.4
Dodging        | |  2.6

Action                   |  1- 3 |  4- 6 |  7- 9 || total
-------------------------+-------+-------+-------++-------
Melee: Spear             |   121 |   112 |    38 ||   271
       Halberd           |       |       |     8 ||     8
Throw: Dart              |       |     3 |     1 ||     4
Invok: Berserk           |     1 |     3 |     2 ||     6
       Trog's Hand       |       |     1 |       ||     1
  Use: Scroll            |       |     8 |       ||     8
Armor: Animal skin       |     8 |       |       ||     8
       Scale mail        |    20 |    31 |     7 ||    58
Dodge: Dodged            |    37 |    32 |    14 ||    83

Table legend: (Time is in decaauts)
 A = Elapsed time spent in this place.
 B = Non-inter-level travel time spent in this place.
 C = Inter-level travel time spent in this place.
 D = Time resting spent in this place.
 E = Time spent auto-exploring this place.
 F = Levels seen in this place.
 G = Mean time per level.
                   A        B        C        D        E       F      G
               +--------+--------+--------+--------+--------+-----+--------+
         Total |   3101 |   2977 |    124 |    192 |   2308 |   4 |  775.2 |
       Dungeon |   3101 |   2977 |    124 |    192 |   2308 |   4 |  775.2 |
               +--------+--------+--------+--------+--------+-----+--------+

Top non-repeatable levels by time:
     D:3: 1036 daAuts
     D:1: 860 daAuts
     D:2: 812 daAuts
     D:4: 391 daAuts
